 Dungeon Crawl Stone Soup version 0.22-a0-21-g9421e3f (webtiles) character file.

90 KristoblXynda the Chopper (level 4, -1/39 HPs)
             Began as a Naga Gladiator on Jan 2, 2018.
             Slain by a hippogriff (3 damage)
             ... on level 2 of the Dungeon.
             The game lasted 00:03:09 (2305 turns).

KristoblXynda the Chopper (Naga Gladiator)          Turns: 2305, Time: 00:03:10

Health: -1/39      AC:  5    Str: 17    XL:     4   Next: 56%
Magic:  4/4        EV:  9    Int:  9    God:
Gold:   117        SH:  0    Dex: 12    Spells: 3/3 levels left

rFire    + . .     SeeInvis +   a - +0 war axe
rCold    + . .     Gourm    .   (no shield)
rNeg     . . .     Faith    .   j - +0 ring mail
rPois    +         Spirit   .   c - +0 helmet
rElec    +         Reflect  .   (no cloak)
rCorr    +         Harm     .   (no gloves)
MR       .....                  (no barding)
Stlth    +.........             (no amulet)
HPRegen  0.13/turn              (no ring)
MPRegen  0.09/turn              (no ring)

@: short of breath, resistant, very slow
A: large, see invisible, deformed body, poison resistance, slowness 2, slow
metabolism 1, spit poison 1, AC +1
a: Spit Poison


You were on level 2 of the Dungeon.
You were hungry.

You visited 1 branch of the dungeon, and saw 2 of its levels.

You collected 117 gold pieces.

Inventory:

Hand Weapons
 a - a +0 war axe (weapon)
 q - a +0 flail
Missiles
 d - 3 throwing nets (quivered)
Armour
 c - a +0 helmet (worn)
 j - a +0 ring mail (worn)
Scrolls
 b - a scroll of fear {unknown}
 e - 2 scrolls of teleportation {unknown}
 g - 2 scrolls of magic mapping {unknown}
 i - 2 scrolls of amnesia {unknown}
 l - a scroll of enchant armour {unknown}
 n - a scroll of enchant weapon {unknown}
 o - a scroll of noise {unknown}
 p - a scroll of identify {unknown}
Potions
 h - a potion of resistance
 k - a potion of heal wounds {unknown}
 m - 2 potions of haste {unknown}
Comestibles
 f - 3 rations


   Skills:
 - Level 2.0 Fighting
 + Level 3.6 Axes
 - Level 2.0 Throwing
 + Level 1.2 Armour
 + Level 3.0 Dodging
 + Level 2.4 Stealth


You had 3 spell levels left.
You didn't know any spells.

Dungeon Overview and Level Annotations

Branches:
Dungeon (2/15)

Altars:
Cheibriados


Innate Abilities, Weirdness & Mutations

You cannot wear boots.
Your serpentine skin is tough. (AC +1)
You have supernaturally acute eyesight. (SInv)
Armour fits poorly on your strangely shaped body.
Your system is resistant to poisons. (rPois)
You cover ground very slowly.
You have a slow metabolism.
You can spit poison.


Message History

You have got your breath back.
The hippogriff bites you. The hippogriff pecks you.
The hippogriff closely misses you.
The hippogriff bites you but does no damage.
The hippogriff pecks you! The hippogriff misses you.
Press: ? - help, Shift-Dir - straight line, f/p - hippogriff
Aim: a hippogriff (lightly wounded)
The splash of poison hits the hippogriff.
The hippogriff is poisoned.
The hippogriff is lightly wounded.
You feel slightly more hungry. The hippogriff bites you.
The hippogriff pecks you but does no damage.
The hippogriff claws you.
* * * LOW HITPOINT WARNING * * *
It was a potion of resistance.
You feel protected. The hippogriff bites you!
* * * LOW HITPOINT WARNING * * *
The hippogriff pecks you.
You die...

...# #..#.###### ####
#....# #..#.# #....#
#..#.# #....# #....#
#....####....#
#.......###..#####
#................#
#......###......#
######@.....###......#
.......H..............#
.............##.........
..........#####....>....
..........# ..........
..........# .##......##
........$.# . .......#
..........# # ..###..#
.........# .# ..#


You could see a hippogriff.

Vanquished Creatures
  A worker ant (D:2)
  2 adders (D:2)
  2 worms (D:2)
  2 dart slugs
  2 leopard geckos (D:2)
  3 orcs
  5 goblins
  2 hobgoblins
  2 jackals (D:2)
  3 kobolds
  A quokka (D:2)
  3 bats
  2 frilled lizards (D:1)
  5 rats
35 creatures vanquished.

Notes
Turn   | Place    | Note
-------+----------+-------------------------------------------
     0 | D:1      | KristoblXynda the Naga Gladiator began the quest for the Orb.
     0 | D:1      | Reached XP level 1. HP: 19/19 MP: 1/1
   470 | D:1      | Reached XP level 2. HP: 17/26 MP: 2/2
  1511 | D:2      | Reached skill level 1 in Stealth
  1516 | D:2      | Reached XP level 3. HP: 29/32 MP: 3/3
  1517 | D:2      | Found a faded altar of an unknown god.
  1724 | D:2      | Reached skill level 1 in Armour
  1724 | D:2      | Reached XP level 4. HP: 23/39 MP: 4/4
  2003 | D:2      | Noticed a hippogriff
  2039 | D:2      | Found a snail-covered altar of Cheibriados.
  2305 | D:2      | Slain by a hippogriff

Vault maps used:
D:1:      elethiomel_arrival_infinity_welcomes_careful_drivers, minmay_cupped
D:2:      kennysheep_slug_shrine, nicolae_qazlal_style_of_elements,
          chequers_ecumenical_altar_simple

Skill      XL: |  1  2  3  4 |
---------------+-------------+-----
Throwing       | 2 |  2.0
Stealth        | 1 2 |  2.4
Armour         | 1 |  1.2
Dodging        | 3 |  3.0
Fighting       | |  2.0
Axes           | |  3.6

Action                   |  1- 3 |  4- 6 || total
-------------------------+-------+-------++-------
Melee: War axe           |    76 |    29 ||   105
 Abil: Spit Poison       |     8 |     4 ||    12
  Use: Potion            |       |     1 ||     1
  Eat: Chunk             |     2 |     1 ||     3
Armor: Leather armour    |    10 |       ||    10
       Ring mail         |    33 |    13 ||    46
Dodge: Dodged            |    51 |    17 ||    68

Table legend:
 A = Spawn XP
 B = Non-spawn XP
 C = Spawn XP percentage of total XP
 D = Spawn monster count
 E = Non-spawn monster count
 F = Spawn count percentage of total count
 G = Total turns spent on level
                    A         B        C        D         E        F      G
               +---------+---------+-------+---------+---------+-------+---------
         Total |       0 |     129 |   0.0 |       0 |      35 |   0.0 |  2305
               +---------+---------+-------+---------+---------+-------+---------
           D:1 |       0 |      19 |   0.0 |       0 |      11 |   0.0 |  1412
           D:2 |       0 |     110 |   0.0 |       0 |      24 |   0.0 |   893
               +---------+---------+-------+---------+---------+-------+---------
